 Dungeon Crawl Stone Soup version 0.17-a0-1129-g5854844 (webtiles) character file.

206146 HEYYEYAAE the Spry (level 18, -2/131 HPs)
             Began as an Octopode Fighter on May 24, 2015.
             Was an Initiate of Gozag.
             Slain by Jorgrun
             ... wielding a +0 quarterstaff of crushing
              (11 damage)
             ... on level 4 of the Swamp.
             The game lasted 01:45:18 (38126 turns).

HEYYEYAAE the Spry (Octopode Fighter)              Turns: 38126, Time: 01:45:18

Health: -2/131     AC:  6    Str: 41    XL:     18   Next: 70%
Magic:  25/25      EV: 17    Int: 15    God:    Gozag
Gold:   8859       SH:  0    Dex: 25    Spells: 0 memorised, 17 levels left

rFire  . . .     SeeInvis .     j - +4 war axe (flame)
rCold  + . .     Clarity  .     b - +6 large shield {AC+3}
rNeg   . . .     SustAt   .     e - +0 hat of Huafis {*Confuse rC+ Int+4 Stlth+}
rPois  +         Gourm    .     J - amulet of the Lotus Blossom {rCorr Str+3}
rElec  .         Spirit   .     c - +3 ring of dexterity
rCorr  +         Warding  .     D - +4 ring of strength
rMut   .         Stasis   .     i - +4 ring of evasion
MR     +....                    X - +4 ring of strength
Stlth  +++++++++.               u - ring of invisibility
                                E - ring of Birdsong {rPois Dex+6}
                                F - ring of Zenef {*Confuse rPois Str+9 Dex+3}
                                (no ring)

@: about to teleport, petrifying (expiring), very slightly contaminated, very
slow, somewhat resistant to hostile enchantments, incredibly stealthy
A: almost no armour, amphibious, 8 rings, constrict 8, thin metallic scales 1,
camouflage 1, breathe flames 1, gelatinous body 1
a: Potion Petition, Call Merchant, Bribe Branch, Renounce Religion, Breathe
Fire, Evoke Invisibility
}: 1/15 runes: serpentine


You were on level 4 of the Swamp.
You worshipped Gozag.
Gozag was noncommittal.
You were not hungry.

You visited 6 branches of the dungeon, and saw 32 of its levels.
You visited the Abyss 1 time.
You also visited: Labyrinth and Ice Cave.

You collected 13282 gold pieces.
You spent 3256 gold pieces at shops.
You paid 1167 gold pieces to Gozag.

Inventory:

Hand weapons
 j - a +4 war axe of flaming (weapon)
 n - a +2 vampiric war axe
 o - a +0 broad axe of venom
 y - a +0 antimagic war axe
 G - a +1 war axe of freezing
 H - a +4 broad axe
 S - a +3 war axe of electrocution
Armour
 b - a +6 large shield of protection (worn)
 e - the +0 hat of Huafis (worn) {*Confuse rC+ Int+4 Stlth+}
   (You acquired it on level 2 of the Snake Pit)

   It affects your intelligence (+4).
   It protects you from cold.
   It may confuse you when you take damage.
   It makes you more stealthy.
Jewellery
 c - a +3 ring of dexterity (left tentacle)
 i - a +4 ring of evasion (on tentacle)
 u - a ring of invisibility (on tentacle)
 v - an uncursed ring of flight
 z - an uncursed ring of sustain attributes
 D - a +4 ring of strength (right tentacle)
 E - the ring of Birdsong (on tentacle) {rPois Dex+6}
   (You found it on level 1 of the Snake Pit)

   [ring of poison resistance]

   It affects your dexterity (+6).
   It protects you from poison.
 F - the ring of Zenef (on tentacle) {*Confuse rPois Str+9 Dex+3}
   (You bought it in a shop on level 7 of the Dungeon)

   [ring of poison resistance]

   It affects your strength (+9).
   It affects your dexterity (+3).
   It protects you from poison.
   It may confuse you when you take damage.
 J - the amulet of the Lotus Blossom (around mantle) {rCorr Str+3}
   (You bought it in a shop on level 7 of the Dungeon)

   [amulet of resist corrosion]

   It protects you from acid and corrosion.
   It affects your strength (+3).
 Q - a cursed ring of teleportation {unknown}
 W - an uncursed ring of see invisible
 X - a +4 ring of strength (on tentacle)
Magical devices
 l - a wand of teleportation (3)
 q - a wand of draining (5)
 x - a wand of fireball (2)
 B - a wand of paralysis (8)
 K - a wand of digging (3)
 M - a wand of enslavement (7)
 O - a wand of slowing (23)
 T - a wand of hasting (3)
 U - a wand of disintegration (15)
 V - a wand of slowing (4)
 Y - a wand of teleportation (2)
Scrolls
 h - 17 scrolls of remove curse
 k - 5 scrolls of fog
 p - 8 scrolls of amnesia
 s - 2 scrolls of recharging
 P - a scroll of summoning {unknown}
Potions
 a - 2 potions of might
 f - 4 potions of curing
 g - 9 potions of brilliance
 m - 2 potions of magic
 r - a potion of lignification
 L - 3 potions of flight
 N - 2 potions of cure mutation
 R - 2 potions of ambrosia
Miscellaneous
 w - a fan of gales
 A - a box of beasts {used: 7}
Comestibles
 d - 16 bread rations
 t - 8 fruits
 Z - a meat ration


   Skills:
 + Level 14.0 Fighting
 * Level 14.5 Axes
 * Level 16.5 Dodging
 + Level 12.7 Stealth
 * Level 16.2 Shields
 + Level 9.9 Evocations


You had 17 spell levels left.
You didn't know any spells.

Dungeon Overview and Level Annotations

Branches:
Dungeon (13/15)            Temple (1/1) D:4            Lair (6/8) D:11
  Swamp (4/4) Lair:3        Snake (4/4) Lair:5        Slime (0/6) Lair:6
    Orc (4/4) D:10            Elf (0/3) Orc:4
 Vaults: D:13-14

Altars:
Ashenzari
Cheibriados
Dithmenos
Elyvilon
Fedhas
Gozag
Kikubaaqudgha
Makhleb
Nemelex Xobeh
Okawaru
Qazlal
Ru
Sif Muna
Trog
Vehumet
Xom
Yredelemnul
Zin
The Shining One
Beogh

Shops:
D:7 =   D:8 ((   D:12 (   Orc:4 !![(}

Portals:
Trove: D:11 (show abyssal rune of Zot)

Annotations:
D:8 HEYYEYAAE's ghost, experienced OpFi
D:11 4thArraOfDagon's ghost, experienced FeIE
D:12 Githyanki's ghost, powerful DDFi
Swamp:4 Jorgrun; Lernaean hydra
Snake:2 Aizul
Orc:1 Erica


Innate Abilities, Weirdness & Mutations

You cannot wear most types of armour.
You are amphibious.
You can wear up to eight rings at the same time.
You can use your tentacles to constrict eight enemies at once.
Your skin changes colour to match your surroundings (Stealth).
Your rubbery body absorbs attacks (AC +1).
You are partially covered in thin metallic scales (AC +2).
You can breathe flames.


Message History

You hear some strange, mumbled words.
Deactivating autopickup; reactivate with Ctrl-A.
You are slowing down.
No target in view!
You slice something!! You burn something.
Jorgrun appears from thin air!
Reactivating autopickup.
Jorgrun gestures wildly while chanting.
The dungeon rumbles around Jorgrun!
You shudder from the earth-shattering force.
* * * LOW HITPOINT WARNING * * *
Ka-crash!
Your limbs are stiffening.
Evoke which item? (* to show all) (? for menu, Esc to quit)
Zapping:
Y - a wand of teleportation {zapped: 1} (will waste charges)
Press: ? - help, Shift-Dir - straight line, f - you You feel strangely unstable.
Evoking this partially-identified wand wasted a few charges.
Jorgrun hits you with a quarterstaff of crushing!
You die...
Your body crumbles into a pile of gold.

≈≈♣ ♣≈♣ ♣≈
♣≈≈≈≈≈♣♣≈♣♣ $
♣≈≈≈≈≈♣≈≈≈♣
♣♣≈≈≈≈≈≈≈≈#≈
♣≈≈≈#§≈≈≈...
♣♣..≈≈.≈≈≈≈≈
♣≈♣......≈.≈..
♣≈≈§.g@≈.≈.#.≈
♣≈≈≈§...≈..!≈.
♣≈♣≈.....≈...≈
♣≈≈.≈..≈.≈.≈ ≈
♣≈≈..≈≈≈...≈.
.≈
♣≈......≈....
≈≈
♣♣..≈.......≈
.§.
♣....≈..≈..≈
...
♣♣≈...≈...≈.
.≈≈


You could see Jorgrun.

Vanquished Creatures
  Mara (Swamp:4)
  An Ice Fiend (IceCv)
  2 thorn hunters
  8 greater nagas
  Donald (Swamp:1)
  Louise (Swamp:4)
  A stone giant (Orc:4)
  A minotaur (Lab)
  Josephine (Lair:5)
  Harold (Orc:1)
  16 naga warriors
  A ghost crab (Swamp:3)
  A centaur warrior (Orc:4)
  A catoblepas (Lair:5)
  12 hydras
  10 alligators
  5 death yaks
  17 anacondas
  9 shock serpents
  16 naga sharpshooters
  An orc high priest (Orc:4)
  Sonja (Lair:3)
  Nergalle (Orc:2)
  2 ice devils (IceCv)
  7 salamander mystics
  6 swamp dragons
  4 ice statues
  4 spriggan druids
  3 shambling mangroves
  4 lindwurms (Snake:4)
  11 naga ritualists
  13 salamanders
  An orc sorcerer (Orc:1)
  18 mana vipers
  2 orc knights (Orc:4)
  4 oklob plants (Snake:2)
  4 hornets
  A cyclops (D:11)
  10 guardian serpents
  26 naga magi
  3 elephants (Lair:6)
  Maurice (D:12)
  53 black mambas
  15 spiny frogs
  A centaur skeleton (D:10)
  7 blue devils (IceCv)
  7 komodo dragons
  3 fire drakes
  A troll (D:11)
  3 two-headed ogres
  2 polar bears
  Prince Ribbit (D:5)
  4 slime creatures (Swamp:3)
  A boulder beetle (Lair:4)
  5 giant leeches
  3 bog bodies
  9 ravens
  2 shadows
  30 yaks
  9 spriggans
  13 blink frogs
  4 wraiths (Lair:5)
  A human (shapeshifter) (D:12)
  3 basilisks
  10 vampire mosquitoes
  2 wyverns
  5 hippogriffs
  A hungry ghost (D:12)
  2 deep elf fighters
  A warg (Orc:1)
  19 swamp worms
  8 wolves
  14 insubstantial wisps (Swamp:3)
  8 swamp drakes
  11 porcupines
  The ghost of Noname the Cutter, an average VSAr (D:5)
  11 water moccasins
  29 orc warriors
  59 nagas
  A black bear (D:10)
  15 ice beasts
  5 ogres
  9 wasps
  8 sky beasts
  An eye of draining (D:10)
  10 centaurs
  10 crocodiles
  Blork the orc (D:5)
  5 big kobolds
  14 giant frogs
  A small abomination (Abyss:1)
  A scorpion (D:6)
  3 killer bees (D:12)
  5 wights (D:12)
  4 crimson imps
  A giant frog skeleton (D:6)
  A jelly (D:5)
  7 hounds
  16 orc priests
  22 orc wizards
  An iron imp (Abyss:1)
  9 iguanas
  8 worker ants
  2 hell rats (Lair:5)
  A killer bee zombie (D:8)
  21 sheep
  3 hound skeletons
  A hound zombie (D:8)
  A worker ant zombie (D:10)
  4 gnolls (D:5)
  51 river rats
  25 adders
  7 white imps
  4 shadow imps
  9 ufetubi
  An ooze (D:3)
  An adder zombie (D:8)
  An adder skeleton (D:8)
  5 worms
  2 giant geckos
  145 orcs
  5 ball pythons
  8 bats
  3 giant cockroaches
  52 hobgoblins
  7 quokkas
  2 giant newts
  47 goblins
  8 jackals
  25 kobolds
  A quokka skeleton (D:7)
  A quokka zombie (D:3)
  15 rats
  3 briar patches (Swamp:4)
  2 fungi
  3 plants
1215 creatures vanquished.

Vanquished Creatures (collateral kills)
  Snorg (D:12)
  A naga sharpshooter (Snake:4)
  An anaconda (Snake:4)
  2 mana vipers (Snake:4)
  2 naga magi (Snake:4)
7 creatures vanquished.

Vanquished Creatures (others)
  2 shock serpents (Snake:4)
  An alligator (Swamp:3)
  A mana viper (Snake:4)
  A salamander (Snake:4)
  8 spiders
  A scorpion (Lair:4)
  2 ufetubi (IceCv)
  2 white imps (IceCv)
  7 chimeras
  An orc (Orc:1)
  2 giant cockroaches
  2 briar patches (Swamp:4)
  4 fungi
  2 plants
36 creatures vanquished.

Grand Total: 1258 creatures vanquished

Notes
Turn   | Place    | Note
--------------------------------------------------------------
     0 | D:1      | HEYYEYAAE the Octopode Fighter began the quest for the Orb.
     0 | D:1      | Reached XP level 1. HP: 16/16 MP: 1/1
    80 | D:1      | Found a glowing golden altar of the Shining One.
   113 | D:1      | Reached XP level 2. HP: 17/21 MP: 2/2
   347 | D:1      | Reached XP level 3. HP: 26/26 MP: 3/3
   923 | D:2      | Reached XP level 4. HP: 27/31 MP: 4/4
  1029 | D:3      | Reached skill level 4 in Dodging
  1029 | D:3      | Reached XP level 5. HP: 31/36 MP: 5/5
  1152 | D:3      | Noticed a sky beast
  1157 | D:3      | Killed a sky beast
  1164 | D:3      | Gained mutation: You occasionally shout uncontrollably at your foes. [mutagenic meat]
  1165 | D:3      | Gained mutation: Your muscles are strong. (Str +2) [mutagenic meat]
  1166 | D:3      | Gained mutation: Your spells are a little harder to cast, but a little more powerful. [mutagenic meat]
  1167 | D:3      | Lost mutation: Your muscles are strong. (Str +2) [mutagenic meat]
  1367 | D:3      | Reached XP level 6. HP: 37/43 MP: 6/6
  1747 | D:4      | Found a staircase to the Ecumenical Temple.
  1789 | Temple   | Entered the Ecumenical Temple
  1917 | Temple   | Became a worshipper of Gozag Ym Sagoz the Greedy
  2286 | D:4      | Reached skill level 5 in Dodging
  2286 | D:4      | Reached skill level 5 in Shields
  2286 | D:4      | Reached XP level 7. HP: 23/48 MP: 7/7
  2555 | D:4      | Found a radiant altar of Vehumet.
  3346 | D:5      | Entered Level 5 of the Dungeon
  3461 | D:5      | Reached XP level 8. HP: 42/54 MP: 8/8
  3461 | D:5      | Reached skill level 6 in Dodging
  3860 | D:5      | Noticed Prince Ribbit
  3871 | D:5      | Killed Prince Ribbit
  3871 | D:5      | Reached skill level 5 in Fighting
  3904 | D:5      | Noticed Noname's ghost (average VSAr)
  3971 | D:5      | Killed Noname's ghost
  4226 | D:5      | Reached skill level 7 in Dodging
  4446 | D:5      | Reached XP level 9. HP: 26/61 MP: 9/9
  4693 | D:5      | Noticed Blork the orc
  4783 | D:5      | Killed Blork the orc
  4783 | D:5      | Reached skill level 5 in Axes
  5883 | D:6      | Got a brightly glowing falchion
  5892 | D:6      | Identified the cursed +1 falchion of Loradgh {pain, *Noise +Inv +Fly Str+9} (You found it on level 6 of the Dungeon)
  6035 | D:6      | Reached skill level 8 in Dodging
  6313 | D:6      | Got a scorched brass ring
  6467 | D:6      | Identified the ring of Kikubaaqudgha's Scorn {rN+ Int+2} (You found it on level 6 of the Dungeon)
  6489 | D:7      | Found Utarente's Jewellery Emporium.
  6498 | D:7      | Bought the ring of Zenef {*Confuse rPois Str+9 Dex+3} for 605 gold pieces
  7170 | D:7      | Bought the amulet of the Lotus Blossom {rCorr Str+3} for 432 gold pieces
  7461 | D:8      | Found a burning altar of Makhleb.
  7492 | D:8      | Noticed HEYYEYAAE's ghost (experienced OpFi)
  7596 | D:8      | Found Yrerif's Weapon Shoppe.
  7724 | D:8      | Found Zafiqatuo's Antique Weapon Shoppe.
  7741 | D:8      | Bought a runed hand axe for 99 gold pieces
  7947 | D:8      | Reached XP level 10. HP: 49/68 MP: 10/10
  8378 | D:9      | Reached skill level 9 in Dodging
  9129 | D:10     | Entered Level 10 of the Dungeon
  9655 | D:10     | Reached skill level 10 in Dodging
  9734 | D:10     | Found a staircase to the Orcish Mines.
  9746 | D:10     | Reached skill level 10 in Shields
  9871 | D:10     | Reached XP level 11. HP: 67/75 MP: 11/11
 10213 | D:10     | Identified a scroll of acquirement
 10274 | Orc:1    | Entered Level 1 of the Orcish Mines
 10515 | Orc:1    | Noticed Erica
 10706 | Orc:2    | Noticed Nergalle
 10714 | Orc:2    | Killed Nergalle
 11076 | Orc:1    | Noticed Harold
 11094 | Orc:1    | Killed Harold
 11962 | Orc:4    | Entered Level 4 of the Orcish Mines
 11999 | Orc:4    | Noticed a stone giant
 12234 | Orc:4    | Found a staircase to the Elven Halls.
 12247 | Orc:4    | Noticed a centaur warrior
 12275 | Orc:4    | Reached skill level 11 in Dodging
 12361 | Orc:4    | Noticed an orc high priest
 12378 | Orc:4    | Killed a stone giant
 12503 | Orc:4    | Killed a centaur warrior
 12810 | Orc:4    | Killed an orc high priest
 12820 | Orc:4    | Reached XP level 12. HP: 58/82 MP: 12/12
 13186 | Orc:4    | Noticed an orc knight
 13203 | Orc:4    | Killed an orc knight
 13203 | Orc:4    | Reached skill level 1 in Stealth
 13416 | Orc:4    | Noticed an orc knight
 13437 | Orc:4    | Killed an orc knight
 13462 | Orc:4    | Found Houwiat's Antique Armour Boutique.
 13462 | Orc:4    | Found Ugienud's Weapon Emporium.
 13462 | Orc:4    | Found Piddunn's Gadget Shoppe.
 13465 | Orc:4    | Found Sajeg's Distillery.
 13469 | Orc:4    | Bought a potion of curing for 54 gold pieces
 13469 | Orc:4    | Bought a potion of heal wounds for 90 gold pieces
 13469 | Orc:4    | Bought a potion of agility for 72 gold pieces
 13469 | Orc:4    | Bought a potion of haste for 180 gold pieces
 13469 | Orc:4    | Bought a potion of curing for 54 gold pieces
 13469 | Orc:4    | Bought a potion of heal wounds for 90 gold pieces
 13472 | Orc:4    | Bought a +1 hand axe of holy wrath for 173 gold pieces
 13472 | Orc:4    | Bought a +2 war axe of electrocution for 289 gold pieces
 13472 | Orc:4    | Bought a +2 war axe of venom for 226 gold pieces
 13474 | Orc:4    | Bought a sack of spiders for 280 gold pieces
 13525 | Orc:4    | Found Nebli's Distillery.
 13543 | Orc:4    | Found a roughly hewn altar of Beogh.
 13593 | Orc:4    | Bought a potion of haste for 170 gold pieces
 13593 | Orc:4    | Bought a potion of might for 68 gold pieces
 13593 | Orc:4    | Bought 3 potions of curing for 153 gold pieces
 13593 | Orc:4    | Bought a potion of curing for 51 gold pieces
 13593 | Orc:4    | Bought a potion of haste for 170 gold pieces
 14477 | D:11     | Found a staircase to the Lair.
 14508 | Lair:1   | Entered Level 1 of the Lair of Beasts
 14777 | Lair:1   | Reached skill level 12 in Dodging
 14791 | Lair:1   | Found a shattered altar of Ashenzari.
 14864 | Lair:1   | Reached skill level 1 in Evocations
 15019 | D:11     | Found a portal to a secret trove of treasure.
 15189 | D:11     | Noticed 4thArraOfDagon's ghost (experienced FeIE)
 15323 | D:12     | Found Jilad's Antique Weapon Boutique.
 15396 | D:12     | Noticed Maurice
 15402 | D:12     | Killed Maurice
 15505 | D:12     | Noticed Snorg
 15700 | D:12     | Noticed Githyanki's ghost (powerful DDFi)
 15868 | D:12     | Killed Snorg
 15888 | D:12     | Noticed a five-headed hydra
 15900 | D:13     | Noticed a vault guard
 16261 | D:12     | Killed a two-headed hydra
 17049 | Lair:2   | Reached skill level 5 in Stealth
 17049 | Lair:2   | Reached XP level 13. HP: 37/89 MP: 15/15
 17929 | Lair:3   | Noticed Sonja
 17930 | Lair:3   | Cast into the Abyss (Sonja)
 18166 | Abyss:1  | Noticed a bone dragon
 18251 | Abyss:1  | Noticed a cyan very ugly thing
 18268 | Abyss:1  | Noticed a lich
 18283 | Abyss:1  | Gained mutation: You tend to lose your temper in combat. [a neqoxec]
 18316 | Abyss:1  | Noticed a bone dragon
 18334 | Lair:3   | Escaped the Abyss
 18348 | Lair:3   | Killed Sonja
 18355 | Lair:3   | Lost mutation: You occasionally shout uncontrollably at your foes. [potion of cure mutation]
 18355 | Lair:3   | Lost mutation: You tend to lose your temper in combat. [potion of cure mutation]
 18355 | Lair:3   | Lost mutation: Your spells are a little harder to cast, but a little more powerful. [potion of cure mutation]
 18879 | Lair:3   | Found a staircase to the Swamp.
 19770 | Lair:4   | Found a labyrinth entrance.
 19785 | Lab      | Entered a labyrinth
 20324 | Lab      | Noticed a minotaur
 20335 | Lab      | Killed a minotaur
 20543 | Lab      | Identified the Grimoire of Beguiling
 20770 | Lair:4   | Got a scorched triple sword
 21198 | Lair:4   | Reached skill level 13 in Dodging
 22030 | Lair:5   | Found a staircase to the Snake Pit.
 22071 | Lair:5   | Reached skill level 10 in Axes
 22086 | Lair:5   | Reached skill level 5 in Evocations
 22431 | Lair:5   | Reached XP level 14. HP: 98/98 MP: 17/17
 22711 | Lair:5   | Reached skill level 10 in Fighting
 23195 | Lair:5   | Noticed Josephine
 23202 | Lair:5   | Killed Josephine
 23975 | Lair:6   | Found a staircase to the Slime Pits.
 24732 | Snake:1  | Entered Level 1 of the Snake Pit
 24960 | Snake:1  | Got a scorched glass ring
 24999 | Snake:1  | Identified the ring of Birdsong {rPois Dex+6} (You found it on level 1 of the Snake Pit)
 26931 | Snake:1  | Reached XP level 15. HP: 101/105 MP: 19/19
 26961 | Snake:1  | Reached skill level 14 in Dodging
 27686 | Snake:2  | Got a transparent hat
 27693 | Snake:2  | Identified the +0 hat of Huafis {*Confuse rC+ Int+4 Stlth+} (You acquired it on level 2 of the Snake Pit)
 28907 | Snake:2  | Identified the Compendium of the Arsonist and Attacks
 29310 | Snake:2  | Noticed Aizul
 29958 | Snake:3  | Reached skill level 10 in Stealth
 31046 | Snake:3  | Noticed a greater naga
 31054 | Snake:3  | Killed a greater naga
 31309 | Snake:4  | Entered Level 4 of the Snake Pit
 31320 | Snake:4  | Reached XP level 16. HP: 91/114 MP: 21/21
 31734 | Snake:4  | Noticed a greater naga
 31752 | Snake:4  | Killed a greater naga
 31883 | Snake:3  | Reached skill level 15 in Dodging
 32346 | Snake:4  | Noticed a greater naga
 32540 | Snake:4  | Killed a greater naga
 33050 | Snake:4  | Noticed a greater naga
 33068 | Snake:4  | Killed a greater naga
 33284 | Snake:4  | Reached skill level 15 in Shields
 33340 | Snake:4  | Noticed a greater naga
 33347 | Snake:4  | Noticed a greater naga
 33358 | Snake:4  | Killed a greater naga
 33362 | Snake:4  | Noticed a greater naga
 33408 | Snake:4  | Noticed a greater naga
 33429 | Snake:4  | Gained mutation: You evolve. [mutagenic glow]
 33436 | Snake:4  | Killed a greater naga
 33489 | Snake:4  | Lost mutation: You evolve. [potion of mutation]
 33489 | Snake:4  | Gained mutation: You can breathe flames. [potion of mutation]
 33497 | Snake:4  | Gained mutation: You are partially covered in thin metallic scales (AC +2). [mutagenic glow]
 33926 | Snake:3  | Reached XP level 17. HP: 100/121 MP: 23/23
 34732 | Snake:4  | Killed a greater naga
 34845 | Snake:4  | Killed a greater naga
 35183 | Snake:4  | Got a serpentine rune of Zot
 35436 | Swamp:1  | Entered Level 1 of the Swamp
 35491 | Swamp:1  | Noticed Donald
 35512 | Swamp:1  | Killed Donald
 35761 | Swamp:1  | Found a frozen archway.
 35834 | IceCv    | Entered an ice cave
 36090 | IceCv    | Noticed an Ice Fiend
 36101 | IceCv    | Killed an Ice Fiend
 36101 | IceCv    | Reached skill level 16 in Dodging
 36127 | IceCv    | Got an ancient demon blade
 36461 | Swamp:1  | Reached XP level 18. HP: 130/130 MP: 25/25
 37802 | Swamp:4  | Entered Level 4 of the Swamp
 38036 | Swamp:4  | Noticed Louise
 38048 | Swamp:4  | Noticed Mara
 38051 | Swamp:4  | Killed Louise
 38062 | Swamp:4  | Killed Mara
 38085 | Swamp:4  | Noticed Jorgrun
 38097 | Swamp:4  | Noticed the 27-headed Lernaean hydra
 38126 | Swamp:4  | Slain by Jorgrun

Vault maps used:
D:1:      eino_arrival_water_cross, tso_metal_star
D:4:      wad_woods_stonehenge, minmay_temple_entry_overgrown, eino_tiny_chamber
D:5:      minmay_goblin_kobold_castle, first_bread, nicolae_underground_beach,
          uniq_blork_the_orc, uniq_prince_ribbit1
D:6:      st_stairs_11
D:8:      nicolae_overflow_crystal_walls, serial_shops, shop_fountains, shop,
          grunt_pizzeria, centaur_isle, uniq_erolcha
D:10:     orc_0_dummy
D:11:     lair_0_dummy, enter_trove_3
D:12:     uniq_snorg, uniq_maurice
D:13:     david_vaults_4, grunt_tough_drop
Temple:   kilobyte_greek_temple_18
Lair:1:   basic_altar
Lair:3:   swamp_mist, serial_bayou_shore_a, uniq_sonja
Lair:4:   minmay_lair_venomous_thicket, lab_entry_generic, serial_bayou_shore_b
Lair:5:   kennysheep_rathole, minmay_snake_entry_guardpost_medium,
          wad_woods_river_03, minmay_lair_drake_nest, uniq_josephine
Lair:6:   slime_dummy, infiniplex_staircase_pool_2, serial_bayou_shore_b
Swamp:1:  portal_ice_cave_entry_ice_statue_02, serial_swamp_ruin,
          hangedman_swamp_ruin_wall, evilmike_swamp_ruin_rubble_1,
          nicolae_swamp_baby_hydras, uniq_donald
Swamp:2:  evilmike_swamp_ruin_house_6
Swamp:3:  nicolae_swamp_treefoil
Swamp:4:  swamp_old_school, uniq_jorgrun, uniq_mara, uniq_louise
Snake:1:  nicolae_snake_hallway
Snake:2:  dpeg_oklob_gauntlet, uniq_aizul
Snake:3:  boulder_indie
Snake:4:  snake_pit_salamanders_mu
Orc:1:    uniq_harold, uniq_erica
Orc:2:    uniq_nergalle
Orc:3:    nicolae_orc_pool_cavern
Orc:4:    st_orc_rangers, serial_shops, shop, bh_open_orc_temple
Abyss:1:  eino_small_chamber_without_monster, minivault_4
Lab:      nicolae_lab_dead_adventurers, nicolae_lab_swirl, nicolae_lab_stuck,
          nicolae_lab_arrow, labyrinth_glass_1, nicolae_lab_very_dead_end,
          nicolae_lab_blocks
IceCv:    ice_cave_small_demon

Action                   |  1- 3 |  4- 6 |  7- 9 | 10-12 | 13-15 | 16-18 || total
-------------------------+-------+-------+-------+-------+-------+-------++-------
Melee: War axe           |    67 |    70 |   253 |   561 |   773 |   928 ||  2652
       Falchion          |       |       |    65 |       |       |       ||    65
Invok: Call Merchant     |       |       |     1 |     1 |       |       ||     2
       Potion Petition   |       |       |       |     1 |       |       ||     1
 Abil: Evoke Invisibilit |       |       |       |       |     4 |     8 ||    12
Evoke: Wand              |       |       |     9 |     6 |    46 |    41 ||   102
       Box of beasts     |       |       |       |     6 |     5 |     2 ||    13
       Sack of spiders   |       |       |       |     6 |     3 |     1 ||    10
  Use: Potion            |       |     2 |     5 |     9 |    16 |    19 ||    51
       Scroll            |       |     7 |     9 |    16 |    27 |     9 ||    68
 Stab: Sleeping          |    10 |     8 |    16 |    27 |    38 |    13 ||   112
       Invisible         |       |       |     1 |     1 |     4 |    30 ||    36
       Distracted        |       |       |       |     5 |    20 |    42 ||    67
       Paralysed         |       |       |       |       |    12 |       ||    12
  Eat: Chunk             |       |     5 |       |       |       |       ||     5
       Bread ration      |       |     1 |     1 |     2 |     1 |     5 ||    10
       Fruit             |       |       |     4 |     1 |     6 |     2 ||    13
       Meat ration       |       |       |     2 |     2 |     5 |     1 ||    10
       Pizza             |       |       |     1 |     6 |     4 |       ||    11
       Royal jelly       |       |       |     1 |       |       |     1 ||     2
       Beef jerky        |       |       |       |     1 |     6 |     1 ||     8
